 Dungeon Crawl Stone Soup version 0.28.0-53-g5a82cb258f (webtiles) character file.

Game seed: 17367260382944247823

5399 klau3 the Cleaver (level 10, -8/91 HPs)
             Began as a Minotaur Berserker on May 20, 2022.
             Was a Priest of Trog.
             Mangled by a 15-headed hydra (13 damage)
             ... on level 9 of the Dungeon.
             The game lasted 00:17:11 (9737 turns).

klau3 the Cleaver (Minotaur Berserker)              Turns: 9737, Time: 00:17:19

Health: -8/91      AC: 16    Str: 24    XL:     10   Next: 40%
Magic:  9/9        EV:  9    Int:  8    God:    Trog [***...]
Gold:   371        SH:  0    Dex: 18    Spells: 9/9 levels left

rFire   . . .      SeeInvis .   q - +6 war axe "Hydra's Foe" {vorpal, +Blink rPois Int+4}
rCold   . . .      Faith    .   (no shield)
rNeg    . . .      Spirit   .   i - +0 plate armour
rPois   +          Reflect  .   (helmet restricted)
rElec   .          Harm     .   M - +0 cloak
rCorr   .          Rampage  .   (no gloves)
Will    +++..                   (no boots)
Stlth   ..........              (no amulet)
HPRegen 1.25/turn               d - +6 ring of dexterity
MPRegen 0.11/turn               m - ring of willpower

@: strong-willed, on berserk cooldown, regenerating, slowed, very slow
A: horns 2, retaliatory headbutt
a: Renounce Religion, Evoke Blink, Berserk, Trog's Hand


You were on level 9 of the Dungeon.
You worshipped Trog.
Trog was most pleased with you.
You visited 1 branch of the dungeon, and saw 10 of its levels.
You also visited: Sewer.

You collected 371 gold pieces.

Inventory:

Hand Weapons
 a - a +0 hand axe
 q - the +6 war axe "Hydra's Foe" (weapon) {vorpal, +Blink rPois Int+4}
   (You found it on level 4 of the Dungeon)

   It inflicts extra damage upon your enemies.
   Int:       It affects your intelligence (+4).
   rPois:     It protects you from poison.
   +Blink:    It lets you blink.
 r - the +3 spear of Fedhas's Esteem {vorpal, rElec rN+ Dex+7 Stlth-}
   (You found it on level 3 of the Dungeon)

   It inflicts extra damage upon your enemies.
   Dex:       It affects your dexterity (+7).
   rElec:     It insulates you from electricity.
   rN:        It protects you from negative energy.
   Stlth:     It makes you less stealthy.
 H - a +2 arbalest of flaming
Missiles
 v - 17 poisoned darts (quivered)
 F - 2 silver javelins
 O - 59 arrows
 P - 2 throwing nets
Armour
 b - a +0 animal skin
 i - a +0 plate armour (worn)
 M - a +0 cloak (worn)
Jewellery
 d - a +6 ring of dexterity (left hand)
 m - a ring of willpower (right hand)
 p - a ring of protection from fire
 s - a ring of fire
 t - a ring of protection from cold
 x - a ring of magical power
Wands
 u - a wand of polymorph (7)
 R - a wand of flame (1)
Scrolls
 c - 2 scrolls of torment {unknown}
 f - a scroll of enchant weapon {unknown}
 g - 4 scrolls of identify {unknown}
 j - 3 scrolls of fog {unknown}
 l - a scroll of acquirement {unknown}
 o - 2 scrolls of immolation {unknown}
 w - a scroll of amnesia {unknown}
 y - a scroll of silence {unknown}
 z - a scroll of fear {unknown}
 D - a scroll of holy word {unknown}
 J - a scroll of summoning {unknown}
 K - 2 scrolls of noise {unknown}
 L - a scroll of vulnerability {unknown}
 N - a scroll of teleportation {unknown}
 Q - a scroll of magic mapping {unknown}
Potions
 e - 3 potions of degeneration {unknown}
 h - 3 potions of curing {unknown}
 k - 3 potions of mutation {unknown}
 A - 3 potions of might {unknown}
 B - a potion of resistance {unknown}
 C - 2 potions of invisibility {unknown}
 E - a potion of haste {unknown}
 G - 2 potions of heal wounds {unknown}
 I - a potion of brilliance {unknown}


   Skills:
 + Level 9.3 Fighting
 + Level 13.0 Axes
 + Level 10.2 Armour
 + Level 3.7 Dodging
 + Level 1.0 Stealth
 + Level 0.4 Evocations


You had 9 spell levels left.
You didn't know any spells.
Your spell library was empty.

Dungeon Overview and Level Annotations

Branches:
Dungeon (10/15)            Temple (0/1) D:5           Sewer (visited)
   Lair: D:8-11         Orc: D:9-12

Altars:
Dithmenos
Okawaru

Shops:
D:3 *


Innate Abilities, Weirdness & Mutations

You have a pair of horns on your head.
You reflexively headbutt those who attack you in melee.


Message History

You hack one of the 12-headed hydra's heads off!
The 11-headed hydra grows two more!
You slash the 13-headed hydra!
The 13-headed hydra bites you but does no damage.
The 13-headed hydra bites you.
The 13-headed hydra bites you but does no damage.
The 13-headed hydra bites you.
The 13-headed hydra bites you but does no damage. x3
The 13-headed hydra bites you! x2
The 13-headed hydra bites you but does no damage.
The 13-headed hydra closely misses you. The 13-headed hydra bites you. x2
The red ugly thing engulfs you!
You are engulfed in flames!!
You hit the red ugly thing. You headbutt the red ugly thing!
You kill the red ugly thing!
Trog accepts your kill.
You slice one of the 13-headed hydra's heads off!
The 12-headed hydra grows two more!
You slash the 14-headed hydra!
You are no longer berserk.
You are exhausted.
You feel yourself slow down.
Your Axes skill increases to level 13!
You lop one of the 14-headed hydra's heads off!
The 13-headed hydra grows two more!
You slash the 15-headed hydra! You headbutt the 15-headed hydra!
The 15-headed hydra is heavily wounded.
The 15-headed hydra barely misses you. The 15-headed hydra bites you.
The 15-headed hydra bites you! The 15-headed hydra bites you.
The 15-headed hydra bites you but does no damage. x2
The 15-headed hydra bites you! The 15-headed hydra bites you.
* * * LOW HITPOINT WARNING * * *
The 15-headed hydra bites you!
* * * LOW HITPOINT WARNING * * *
The 15-headed hydra bites you but does no damage. x2
The 15-headed hydra bites you.
* * * LOW HITPOINT WARNING * * *
The 15-headed hydra bites you!
* * * LOW HITPOINT WARNING * * *
The 15-headed hydra bites you but does no damage. x2
The 15-headed hydra closely misses you. The 15-headed hydra barely misses you.
The 15-headed hydra closely misses you. x2; The 15-headed hydra bites you!
You die...

###...^...........>..##.#
.......................#.#
.......................#.#
.(..........(............##
..........................####
.........[...................##
..............................#
.................D............#
..##...........†@##.).####....#
.######........#####.## ##...#
.## ##....#..## #### #...# ()#
##.#####..###.# #.### #.# ##.##
##..##.# #.# #)####.##
##....#### #.## #.(#..##
##......# ##.# #..§.##
##...#..# ### .....# ##.### ..#


You could see a 15-headed hydra.

Vanquished Creatures
  2 two-headed ogres (D:8)
  An ugly thing (D:9)
  A freezing wraith (D:9)
  A slime creature (D:9)
  Grinder (D:3)
  A wyvern (D:8)
  4 orc warriors
  A sky beast (D:5)
  A necrophage (D:5)
  2 ogres
  3 centaurs
  4 kobold brigands
  A bullfrog (D:7)
  2 gnoll sergeants
  A wyvern zombie (D:8)
  A scorpion (D:5)
  A water moccasin zombie (D:5)
  A water moccasin skeleton (D:7)
  8 killer bees
  3 wights (D:8)
  3 howler monkeys (D:8)
  An electric eel (D:6)
  A bullfrog zombie (D:5)
  A centaur zombie (D:4)
  2 hounds (D:5)
  2 jellies
  3 orc priests
  3 orc wizards
  2 iguanas
  A killer bee zombie (D:6)
  10 gnolls
  7 adders
  8 river rats (Sewer)
  A shadow imp (D:6)
  2 white imps
  A worm (D:5)
  34 orcs
  6 endoplasms
  7 giant cockroaches
  3 goblins
  5 hobgoblins
  6 quokkas
  5 ball pythons
  5 bats
  29 kobolds
  16 rats
204 creatures vanquished.

Vanquished Creatures (others)
  27 plants (D:6)
  2 withered plants (D:1)
29 creatures vanquished.

Grand Total: 233 creatures vanquished

Notes
Turn   | Place    | Note
-------+----------+-------------------------------------------
     0 | D:1      | klau3 the Minotaur Berserker began the quest for the Orb.
     0 | D:1      | Reached XP level 1. HP: 19/19 MP: 0/0
   255 | D:1      | Reached XP level 2. HP: 27/27 MP: 1/1
   443 | D:1      | Reached skill level 4 in Axes
   538 | D:1      | Found a faded altar of an unknown god.
  1121 | D:2      | Reached XP level 3. HP: 33/33 MP: 2/2
  1267 | D:2      | You fall into a shaft and drop 2 floors!
  1327 | D:4      | Reached ** piety under Trog
  1328 | D:4      | Reached XP level 4. HP: 41/41 MP: 3/3
  1585 | D:4      | Identified the +6 war axe "Hydra's Foe" {vorpal, +Blink
                  | rPois Int+4}
  1726 | D:3      | Reached skill level 5 in Axes
  1737 | D:3      | Identified the +3 spear of Fedhas's Esteem {vorpal, rElec
                  | rN+ Dex+7 Stlth-}
  1835 | D:3      | Found Cycuerphu's Assorted Antiques.
  1881 | D:3      | Noticed Grinder
  1889 | D:3      | Killed Grinder
  1890 | D:3      | Reached skill level 5 in Fighting
  1890 | D:3      | Reached skill level 6 in Axes
  1890 | D:3      | Reached XP level 5. HP: 19/48 MP: 4/4
  1890 | D:3      | Reached XP level 6. HP: 22/56 MP: 5/5
  2191 | D:3      | Found a shadowy altar of Dithmenos.
  2191 | D:3      | Found an iron altar of Okawaru.
  2240 | D:3      | Reached *** piety under Trog
  2772 | D:4      | Noticed an orc warrior
  2778 | D:4      | Reached skill level 7 in Axes
  2779 | D:4      | Killed an orc warrior
  2780 | D:4      | Reached XP level 7. HP: 62/62 MP: 6/6
  2799 | D:4      | Identified the +2 robe of Duck's Teeth {+Blink rPois Int-3
                  | Dex+5}
  3103 | D:5      | Entered Level 5 of the Dungeon
  3168 | D:5      | Reached skill level 5 in Armour
  3266 | D:5      | Found a staircase to the Ecumenical Temple.
  3443 | D:5      | Found a glowing drain.
  3467 | D:5      | Reached skill level 8 in Axes
  3509 | Sewer    | Entered a sewer
  3983 | Sewer    | Reached XP level 8. HP: 69/71 MP: 7/7
  3987 | Sewer    | Reached **** piety under Trog
  4977 | D:5      | Reached skill level 9 in Axes
  7116 | D:7      | Reached skill level 10 in Axes
  7122 | D:7      | Reached XP level 9. HP: 80/80 MP: 8/8
  8157 | D:8      | Noticed a two-headed ogre
  8162 | D:8      | Killed a two-headed ogre
  8163 | D:8      | Reached skill level 11 in Axes
  8760 | D:8      | Reached skill level 12 in Axes
  8774 | D:8      | Reached XP level 10. HP: 72/90 MP: 9/9
  8845 | D:8      | Noticed a two-headed ogre
  8853 | D:8      | Killed a two-headed ogre
  9164 | D:9      | Identified the +1 robe of Yciher {Dex+3}
  9350 | D:9      | Noticed a five-headed hydra
  9354 | D:9      | Noticed a red ugly thing
  9359 | D:9      | Reached skill level 10 in Armour
  9359 | D:9      | Reached skill level 1 in Stealth
  9383 | D:10     | Entered Level 10 of the Dungeon
  9736 | D:9      | Killed a red ugly thing
  9737 | D:9      | Reached skill level 13 in Axes
  9737 | D:9      | Mangled by a 15-headed hydra

Illustrated notes

Levels and vault maps discovered:
D:1:      dpeg_arrival_pond, layout_rooms, ebering_ecumenical_altar_petrified,
          minmay_misc_feat_cross, chequers_serial_rivers_micro_a,
          minmay_domino_2
D:2:      layout_rooms, basic_altar, interstate_on_off,
          chequers_serial_rivers_micro_b, minmay_split_cup_large, uniq_jessica
D:3:      layout_loops_ring, grunt_temple_overflow_open, serial_shops, shop,
          uniq_grinder
D:4:      layout_basic
D:5:      layout_loops_ring, minmay_temple_entry_statues, gup_sewer_entry_glass
D:6:      layout_loops_ring, serial_bayou, serial_bayou_lagoon_a,
          serial_bayou_pond_c, serial_bayou_crossing, serial_bayou_shore_a
D:7:      layout_basic
D:8:      minmay_angry_zag, layout_loops_ring
D:9:      minmay_cut_squares, layout_layer_cave, uniq_grum
D:10:     layout_irregular_city, serial_undead, serial_undead_f,
          serial_undead_b, serial_undead_f, serial_undead_c, minivault_16,
          nooodl_orcs_dogs

Skill      XL: |  1  2  3  4  5  6  7  8  9 10 |
---------------+-------------------------------+-----
Fighting       | 4 5 6 7 8 9 |  9.3
Axes           | 4 6 7 8 10 12 13 | 13.0
Armour         | 3 4 5 7 9 10 | 10.2
Dodging        | 3 |  3.7
Stealth        | 1 |  1.0
Evocations     | |  0.4

Action                   |  1- 3 |  4- 6 |  7- 9 | 10-12 || total
-------------------------+-------+-------+-------+-------++-------
Melee: Hand axe          |    53 |    17 |       |       ||    70
       Headbutt          |     5 |     9 |    23 |     5 ||    42
       Punch             |     2 |       |     4 |       ||     6
       War axe           |       |    51 |   237 |    24 ||   312
Invok: Berserk           |     1 |     2 |     5 |     4 ||    12
       Trog's Hand       |       |       |       |     2 ||     2
 Abil: Evoke Blink       |       |       |     1 |       ||     1
Evoke: Wand              |       |       |       |     1 ||     1
  Use: Scroll            |       |       |     1 |     4 ||     5
 Stab: Distracted        |       |       |       |     1 ||     1
Armor: Animal skin       |     6 |       |       |       ||     6
       Plate armour      |    17 |    49 |   119 |    40 ||   225
Dodge: Dodged            |    46 |    34 |   114 |    29 ||   223
